 Dungeon Crawl Stone Soup version 0.32-a0-898-g7811c86cf0 (webtiles) character file.

Game seed: 11860270008784778130

324 zazu2006 the Cruncher (level 6, 0/51 HPs)
             Began as a Gnoll Wanderer on Apr 4, 2024.
             Slain by a gnoll
             ... wielding a +0 club
              (4 damage)
             ... on level 4 of the Dungeon.
             The game lasted 00:06:02 (1844 turns).

zazu2006 the Cruncher (Gnoll Wanderer)              Turns: 1844, Time: 00:06:03

Health: 0/51       AC:  4    Str: 18    XL:     6   Next: 48%
Magic:  9/9        EV: 11    Int: 14    God:
Gold:   110        SH:  0    Dex: 12    Spells: 6/9 levels left

rFire   . . .        a - +3 quarterstaff
rCold   + . .        (shield currently unavailable)
rNeg    . . .        d - +0 leather armour
rPois   .            (no helmet)
rElec   .            (no cloak)
rCorr   .            (no gloves)
SInv    .            b - +0 pair of boots
Will    +....        (no amulet)
Stlth   +++          j - +6 ring of strength
HPRegen 0.28/turn    (no ring)
MPRegen 0.11/turn

%: no passive effects
@: brilliant, enlightened, flying (expiring), hasted, very quick
A: fangs 1, strong nose, distributed training, clever 1, cold resistance 1
a: no special abilities


You were on level 4 of the Dungeon.
You visited 1 branch of the dungeon, and saw 4 of its levels.
You also visited: Sewer.

You collected 110 gold pieces.

Inventory:

Hand Weapons
 a - a +3 quarterstaff (weapon)
 h - a +2 dagger of holy wrath
Missiles
 k - 5 atropa-tipped darts (quivered)
Armour
 b - a +0 pair of boots (worn)
 d - a +0 leather armour (worn)
Jewellery
 j - a +6 ring of strength (left hand)
Wands
 i - a wand of polymorph (8)
Scrolls
 c - 2 scrolls of fog
 f - a scroll of revelation
 g - a scroll of identify
Potions
 n - a potion of haste


   Skills:
 + Level 5.0 Fighting
 + Level 2.0 Short Blades
 + Level 2.0 Long Blades
 + Level 2.0 Axes
 + Level 2.0 Maces & Flails
 + Level 2.0 Polearms
 + Level 8.8 Staves
 + Level 2.0 Ranged Weapons
 + Level 2.0 Throwing
 + Level 3.3 Armour
 + Level 2.0 Dodging
 + Level 6.3 Stealth
 + Level 2.0 Shields
 + Level 2.0 Unarmed Combat
 + Level 2.0 Spellcasting
 + Level 1.6 Conjurations
 + Level 1.6 Hexes
 + Level 1.6 Summonings
 + Level 1.6 Necromancy
 + Level 1.6 Translocations
 + Level 1.6 Fire Magic
 + Level 1.6 Ice Magic
 + Level 1.6 Air Magic
 + Level 1.6 Earth Magic
 + Level 1.6 Alchemy
 + Level 2.2 Invocations
 + Level 2.0 Evocations
 + Level 1.8 Shapeshifting


You had 6 spell levels left.
You knew the following spells:

 Your Spells              Type           Power      Damage    Failure   Level
a - Mephitic Cloud        Conj/Alch/Air  9%         N/A       41%         3

Your spell library contained the following spells:

 Spells                   Type           Power      Damage    Failure   Level
 Mercury Vapours          Alch/Air       18%        N/A       22%         2
 Freezing Cloud           Conj/Ice/Air   4%         6-21      99%         5
 Haunt                    Necr/Summ      4%         N/A       100%        7
 Borgnjor's Revivificati  Necr           4%         N/A       100%        8
 Death's Door             Necr           4%         N/A       100%        9


Dungeon Overview and Level Annotations

Branches:
Dungeon (4/15)              Sewer (visited)
 Temple: D:4-7

Altars:
Sif Muna


Innate Abilities, Weirdness & Mutations

You have very sharp teeth.
Your uncanny sense of smell can sniff out nearby items.
Your experience applies equally to all skills.
Your mind is acute. (Int +4, Str/Dex -1)
Your flesh is cold resistant. (rC+)


Message History

You hit something.
Reactivating autopickup.
You feel a bit more experienced.
Unknown command.
Unknown command.
You thump the orc!
You kill the orc!
Unknown command.
Unknown command.
As you read the scroll of butterflies, it crumbles to dust.
You hear the flapping of tiny wings.
The orc is knocked back by the sudden gust.
The gnoll is knocked back by the sudden gust.
The orc closely misses your butterfly.
Okay, then.
The gnoll hits your butterfly with a +0 club.
Your butterfly dies!
Your butterfly disappears in a burst of colours!
As you read the scroll of fog, it dissolves into smoke.
You hit the orc.
The orc is severely wounded.
The orc hits you but does no damage.
Unknown command.
You barely miss the orc.
The orc is severely wounded.
Unknown command.
You barely miss the orc.
The orc is severely wounded.
The orc barely misses you. x2
Unknown command.
You hit the orc.
The orc is almost dead.
You sock the orc!
You kill the orc!
You are starting to lose your buoyancy.
The orc hits you but does no damage.
Unknown command.
The orc barely misses you.
You completely miss the gnoll. The gnoll hits you with a +0 club.
You die...

......#...$.#
.>.#..#<..###
..........#
.....$....#
.......g..#
..........#
...#.#....#
...###§o###
......§og@#
#..##.##### #
#. #. .. # ∆


You could see a gnoll and 2 orcs.

Vanquished Creatures
  A crocodile (Sewer)
  A sleepcap (D:3)
  Ijyb (D:3)
  2 orc wizards (D:4)
  A gnoll (D:4)
  7 adders
  2 river rats (D:3)
  A dart slug (D:2)
  2 ribbon worms (D:2)
  3 orcs (D:4)
  4 ball pythons
  4 bats
  An endoplasm (D:3)
  A giant cockroach (D:1)
  4 hobgoblins (D:2)
  2 jackals (Sewer)
  5 kobolds
  A quokka (D:2)
  3 frilled lizards
  3 goblins
  5 rats
54 creatures vanquished.

Notes
Turn   | Place    | Note
-------+----------+-------------------------------------------
     0 | D:1      | zazu2006 the Gnoll Wanderer began the quest for the Orb.
     0 | D:1      | zazu2006 set off with the following items: a +3
                  | quarterstaff, a +0 pair of boots, a scroll of fog, a +0
                  | leather armour.
     0 | D:1      | Reached XP level 1. HP: 20/20 MP: 1/1
   142 | D:1      | Reached XP level 2. HP: 26/26 MP: 2/2
   439 | D:2      | Reached XP level 3. HP: 31/31 MP: 2/4
   443 | D:2      | Learned a level 3 spell: Mephitic Cloud
   567 | D:2      | Reached skill level 1 in Invocations
   643 | D:2      | Reached skill level 1 in Short Blades
   643 | D:2      | Reached skill level 1 in Long Blades
   643 | D:2      | Reached skill level 1 in Axes
   643 | D:2      | Reached skill level 1 in Maces & Flails
   643 | D:2      | Reached skill level 1 in Polearms
   643 | D:2      | Reached skill level 1 in Ranged Weapons
   643 | D:2      | Reached skill level 1 in Throwing
   643 | D:2      | Reached skill level 1 in Dodging
   643 | D:2      | Reached skill level 1 in Shields
   643 | D:2      | Reached skill level 1 in Unarmed Combat
   643 | D:2      | Reached skill level 1 in Spellcasting
   643 | D:2      | Reached skill level 1 in Evocations
   685 | D:3      | Noticed Ijyb
   695 | D:3      | Killed Ijyb
   696 | D:3      | Reached skill level 1 in Shapeshifting
   696 | D:3      | Reached XP level 4. HP: 35/38 MP: 1/5
   711 | D:3      | Reached skill level 1 in Conjurations
   711 | D:3      | Reached skill level 1 in Hexes
   711 | D:3      | Reached skill level 1 in Summonings
   711 | D:3      | Reached skill level 1 in Necromancy
   711 | D:3      | Reached skill level 1 in Translocations
   711 | D:3      | Reached skill level 1 in Fire Magic
   711 | D:3      | Reached skill level 1 in Ice Magic
   711 | D:3      | Reached skill level 1 in Air Magic
   711 | D:3      | Reached skill level 1 in Earth Magic
   711 | D:3      | Reached skill level 1 in Alchemy
  1012 | D:3      | Reached XP level 5. HP: 43/43 MP: 7/7
  1079 | D:3      | Found a glowing drain.
  1097 | Sewer    | Entered a sewer
  1301 | Sewer    | Noticed a crocodile
  1309 | Sewer    | Killed a crocodile
  1310 | Sewer    | Reached XP level 6. HP: 50/50 MP: 1/8
  1551 | D:3      | Reached skill level 5 in Fighting
  1737 | D:3      | Found a shimmering blue altar of Sif Muna.
  1810 | D:4      | Gained mutation: Your mind is acute. (Int +4, Str/Dex -1)
                  | [potion of mutation]
  1810 | D:4      | Gained mutation: Your flesh is cold resistant. (rC+)
                  | [potion of mutation]
  1831 | D:4      | HP: 2/51 [something/magic dart (7)]
  1844 | D:4      | Slain by a gnoll

Illustrated notes

Levels and vault maps discovered:
D:1:      roderic_octagonal_star, layout_basic, basic_ecumenical_altar,
          chequers_serial_rivers_large_a
D:2:      minmay_chambers_of_twos, layout_basic, kennysheep_nub,
          nicolae_wormholes
D:3:      layout_loops_corners, nicolae_overflow_crystal_walls,
          gammafunk_temple_overflow_forgotten, lightli_sewer_entry_pipes,
          palyth_stone_intersect, minmay_box_of_dots, uniq_ijyb
D:4:      nicolae_BIG_FREAKIN_CUBE, layout_basic,
          mainiacjoe_overflow_tiny_flanked, enter_ossuary_5, serial_shops,
          nicolae_shop_waterfront, minmay_goblin_kobold_house

Skill      XL: |  1  2  3  4  5  6 |
---------------+-------------------+-----
Stealth        | 6 |  6.3
Invocations    | 1 2 |  2.2
Short Blades   | 1 2 |  2.0
Long Blades    | 1 2 |  2.0
Axes           | 1 2 |  2.0
Maces & Flails | 1 2 |  2.0
Polearms       | 1 2 |  2.0
Ranged Weapons | 1 2 |  2.0
Throwing       | 1 2 |  2.0
Dodging        | 1 2 |  2.0
Shields        | 1 2 |  2.0
Unarmed Combat | 1 2 |  2.0
Spellcasting   | 1 2 |  2.0
Evocations     | 1 2 |  2.0
Shapeshifting  | 1 |  1.8
Conjurations   | 1 |  1.6
Hexes          | 1 |  1.6
Summonings     | 1 |  1.6
Necromancy     | 1 |  1.6
Translocations | 1 |  1.6
Fire Magic     | 1 |  1.6
Ice Magic      | 1 |  1.6
Air Magic      | 1 |  1.6
Earth Magic    | 1 |  1.6
Alchemy        | 1 |  1.6
Armour         | 3 |  3.3
Fighting       | 5 |  5.0
Staves         | |  8.8

Action                     |  1- 3 |  4- 6 || total
---------------------------+-------+-------++-------
  Melee: Quarterstaff      |    50 |   114 ||   164
         Bite              |     1 |     6 ||     7
  Throw: Dart              |       |     1 ||     1
   Cast: Mephitic Cloud    |     1 |     1 ||     2
    Use: Scroll            |       |     5 ||     5
         Potion            |       |     6 ||     6
   Stab: Sleeping          |     9 |     3 ||    12
         Confused          |     2 |     1 ||     3
 Armour: Leather armour    |    35 |    69 ||   104
  Dodge: Dodged            |    12 |    59 ||    71

Table legend: (Time is in decaauts)
 A = Elapsed time spent in this place.
 B = Non-inter-level travel time spent in this place.
 C = Inter-level travel time spent in this place.
 D = Time resting spent in this place.
 E = Time spent auto-exploring this place.
 F = Levels seen in this place.
 G = Mean time per level.
                   A        B        C        D        E       F      G
               +--------+--------+--------+--------+--------+-----+--------+
         Total |   1857 |   1813 |     44 |     47 |   1256 |   5 |  371.4 |
       Dungeon |   1546 |   1502 |     44 |      0 |   1054 |   4 |  386.5 |
         Sewer |    311 |    311 |      0 |     47 |    202 |   1 |  311.0 |
               +--------+--------+--------+--------+--------+-----+--------+

Top non-repeatable levels by time:
     D:3: 830 daAuts
     D:2: 537 daAuts
   Sewer: 311 daAuts
     D:1: 142 daAuts
     D:4: 35 daAuts
